AoeStats
← Jeffrey Epstein

Arena

507366889Analyzed
4v4 RM · 14d ago on Sep 17, 2026· 74m 44s· 8 players
Game mode
Random Map
Map size
Large (8 player)
Population
200
Speed
Normal
Resources
Standard
Victory
Conquest
Starting age
Dark Age
Ending age
Imperial Age
RankedLock teamsTeams togetherTeam positionsShared explorationLock speedFull tech treeHidden civsTurbo modeCheats
Victory
Defeat
🇪🇸 Turks · Spain
942
+16
🇬🇧 Lithuanians · United Kingdom
911
+17
🇦🇷 Italians · Argentina
908
+17
🇵🇪 Slavs · Peru
888
+18
🇦🇷 Aztecs · Argentina
955
-45
🇦🇷 Koreans · Argentina
949
-17
🇮🇳 Poles · India
937
-17
🇦🇷 Magyars · Argentina
912
-16
neethgiE
9:30 Loom
11:27 Feudal Age
11:05 Loom
16:59 Castle Age
15:27 Double-Bit Axe
16:24 Horse Collar
16:36 Stone Mining
18:46 Bow Saw
30:12 Imperial Age
29:43 Caravan
30:16 Ballistics
32:04 Chemistry
32:35 Fortified Wall
37:42 Conscription
39:10 Elite Skirmisher
39:56 Thumb Ring
40:14 Padded Archer Armor
40:04 Fletching
43:19 Leather Archer Armor
43:16 Forging
43:12 Scale Barding Armor
43:09 Scale Mail Armor
43:45 Pikeman
44:52 Halberdier
45:32 Squires
46:32 Iron Casting
46:37 Tower Shields
48:06 Chain Barding Armor
48:05 Leather Archer Armor
50:21 Chain Mail Armor
50:20 Heavy Plow
53:27 Plate Barding Armor
55:47 Elite Leitis
ramizeta
8:04 Loom
12:36 Feudal Age
14:27 Horse Collar
14:33 Double-Bit Axe
16:50 Castle Age
17:59 Bow Saw
18:27 Heavy Plow
24:11 Wheelbarrow
23:37 Gold Mining
24:14 Stone Mining
29:44 Imperial Age
28:16 Fletching
28:52 Ballistics
30:37 Hand Cart
31:40 Conscription
33:54 Bloodlines
34:54 Gold Shaft Mining
34:28 Scale Barding Armor
43:24 Bodkin Arrow
43:50 Chain Barding Armor
49:14 Town Watch
54:42 Town Patrol
55:20 Plate Barding Armor
54:47 Bracer
72:46 Treadmill Crane
74:12 Two-Man Saw
73:32 Forging
73:25 Caravan
74:01 Coinage
73:43 Guilds
75:24 Iron Casting
74:49 Scale Mail Armor
75:22 Banking
74:52 Murder Holes
Okisan
10:43 Feudal Age
12:02 Loom
15:28 Castle Age
14:17 Double-Bit Axe
14:14 Horse Collar
14:26 Gold Mining
27:36 Murder Holes
28:01 Ballistics
28:38 Wheelbarrow
27:38 Elite Skirmisher
28:55 Fletching
31:03 Fortified Wall
31:41 Hand Cart
31:56 Bow Saw
31:54 Heavy Plow
32:59 Bodkin Arrow
33:04 Padded Archer Armor
37:52 Imperial Age
35:22 Treadmill Crane
35:55 Masonry
36:27 Redemption
37:21 Crossbowman
38:07 Thumb Ring
38:20 Leather Archer Armor
39:00 Conscription
38:53 Pirotechnia
39:48 Chemistry
39:19 Architecture
45:47 Pikeman
50:37 Bracer
51:08 Ring Archer Armor
58:49 Onager
DesTajador
1:11 Loom
10:33 Feudal Age
16:55 Castle Age
15:53 Stone Mining
28:05 Wheelbarrow
29:39 Double-Bit Axe
29:37 Horse Collar
30:10 Forging
34:38 Imperial Age
32:40 Ballistics
32:48 Pikeman
34:04 Iron Casting
33:30 Scale Mail Armor
37:02 Chemistry
36:08 Squires
40:07 Bow Saw
41:59 Blast Furnace
42:40 Gold Mining
44:08 Two-Man Saw
43:26 Halberdier
47:53 Chain Mail Armor
50:20 Plate Mail Armor
49:38 Capped Ram
51:15 Fletching
53:34 Bodkin Arrow
54:59 Murder Holes
55:46 Bloodlines
55:37 Husbandry
55:44 Scale Barding Armor
61:11 Siege Engineers
61:48 Hand Cart
61:46 Light Cavalry
62:49 Chain Barding Armor
64:18 Heavy Scorpion
64:39 Hussar
66:29 Siege Ram
67:32 Town Watch
67:49 Padded Archer Armor
68:26 Plate Barding Armor
68:52 Heavy Plow
73:48 Padded Archer Armor
TruePizza
7:29 Loom
10:36 Feudal Age
10:46 Feudal Age
15:41 Castle Age
14:06 Double-Bit Axe
14:08 Horse Collar
17:05 Bow Saw
16:57 Heavy Plow
24:13 Wheelbarrow
27:42 Imperial Age
25:31 Hand Cart
25:45 Scale Barding Armor
28:58 Chain Barding Armor
28:49 Forging
28:01 Light Cavalry
28:52 Bloodlines
28:43 Husbandry
29:55 Winged Hussar
31:00 Conscription
31:00 Lechitic Legacy
32:45 Crop Rotation
32:10 Gold Mining
32:12 Stone Mining
33:25 Iron Casting
34:54 Fletching
36:07 Blast Furnace
34:58 Fletching
35:49 Hoardings
38:06 Bodkin Arrow
42:18 Chemistry
41:00 Treadmill Crane
42:23 Chemistry
41:35 Masonry
49:04 Bracer
49:09 Scale Mail Armor
59:14 Man-at-Arms
59:55 Squires
59:41 Arson
61:15 Long Swordsman
62:15 Chain Mail Armor
Jeffrey Epstein
12:51 Feudal Age
17:29 Wheelbarrow
16:55 Double-Bit Axe
16:54 Horse Collar
19:19 Castle Age
18:59 Scale Mail Armor
19:55 Forging
21:20 Heavy Plow
22:05 Gold Mining
27:02 Chain Mail Armor
27:23 Iron Casting
26:42 Eagle Warrior
27:24 Pikeman
36:43 Imperial Age
34:35 Hand Cart
34:06 Town Watch
35:50 Town Patrol
37:23 Elite Eagle Warrior
39:20 Caravan
40:46 Gold Shaft Mining
40:04 Stone Mining
40:02 Loom
40:50 Plate Mail Armor
40:55 Iron Casting
40:06 Treadmill Crane
42:40 Stone Shaft Mining
45:44 Iron Casting
45:12 Padded Archer Armor
45:02 Fletching
47:02 Elite Skirmisher
49:39 Heated Shot
49:59 Fortified Wall
50:50 Chemistry
54:21 Crop Rotation
54:05 Bow Saw
55:36 Elite Jaguar Warrior
56:17 Atlatl
60:05 Garland Wars
59:17 Sappers
60:54 Conscription
62:29 Ballistics
62:07 Murder Holes
62:09 Gambesons
62:27 Squires
63:17 Gambesons
65:22 Blast Furnace
64:18 Bodkin Arrow
64:38 Leather Archer Armor
65:31 Sanctity
65:26 Crossbowman
jm_lage
11:34 Feudal Age
12:53 Wheelbarrow
12:15 Double-Bit Axe
14:35 Loom
17:28 Castle Age
15:49 Stone Mining
15:57 Fletching
29:12 Corvinian Army
30:55 Thumb Ring
40:29 Imperial Age
38:37 Masonry
40:46 Elite Skirmisher
43:35 Bodkin Arrow
43:46 Scale Barding Armor
44:13 Parthian Tactics
44:07 Husbandry
44:31 Cavalier
45:23 Bloodlines
47:15 Town Watch
47:48 Hand Cart
48:22 Conscription
50:22 Gold Mining
51:54 Ballistics
55:57 Heavy Cavalry Archer
66:07 Town Patrol
Camalote
11:07 Feudal Age
15:28 Castle Age
14:39 Double-Bit Axe
17:51 Fletching
21:11 Loom
24:44 Bodkin Arrow
27:55 Wheelbarrow
28:01 Horse Collar
33:32 Imperial Age
32:11 Pikeman
33:00 Elite Skirmisher
33:57 Capped Ram
34:51 Gambesons
40:54 Bracer
49:27 Scale Mail Armor
49:38 Forging
50:31 Chain Mail Armor
52:35 Halberdier
53:54 Gold Mining
55:47 Ballistics
59:40 Chemistry
68:50 Plate Mail Armor
68:23 Heavy Plow
69:23 Hand Cart
69:19 Light Cavalry
Connection lost

Rejoining the realm…

Still unreachable

The connection could not be restored.

Session expired

The server has moved on; the page needs a fresh start.